3L
MONTANA PANDAS @ OAKLAND OAKS
10/04/2034
 
TOP OF THE 1ST
Montana Pandas batting - Pitching for Oakland Oaks : LHP Kevin Nogilny
Pitching: LHP Kevin Nogilny
Batting: RHB Juanito González 0-0: Called Strike
0-1: SINGLE (Line Drive, 8LS)
Batting: LHB Dewitt Hopper 0-0: Called Strike
0-1: Swinging Strike
0-2: Ball
1-2: Ball
2-2: Strikes out swinging
Batting: RHB Xi-ku See-to 0-0: Called Strike
0-1: Foul Ball, location: 2F
0-2: Ball
1-2: Foul Ball, location: 2F
1-2: Ball
2-2: Strikes out swinging
Batting: RHB António Martínez 0-0: Ground out 5-3 (Groundball, 56S)
Top of the 1st over - 0 runs, 1 hit, 0 errors, 1 left on base; Montana 0 - Oakland 0
BOTTOM OF THE 1ST
Oakland Oaks batting - Pitching for Montana Pandas : RHP Yoo-chul Mun
Pitching: RHP Yoo-chul Mun
Batting: RHB Yehonatan Chazan 0-0: Foul Ball, location: 2F
0-1: Foul Ball, location: 2F
0-2: Foul Ball, location: 2F
0-2: Ball
1-2: Foul Ball, location: 2F
1-2: Foul Ball, location: 2F
1-2: Ball
2-2: Foul Ball, location: 2F
2-2: Hit by Pitch
Batting: LHB Obidiah Lewis 0-0: Ball
1-0: Ball
2-0: Foul Ball, location: 2F
2-1: Called Strike
2-2: Strikes out swinging
Batting: RHB Colin O'Connell 0-0: Ball
1-0: Ball
2-0: Grounds into double play, 6-4-3 (Groundball, 6)
Bottom of the 1st over - 0 runs, 0 hits, 0 errors, 0 left on base; Montana 0 - Oakland 0
TOP OF THE 2ND
Montana Pandas batting - Pitching for Oakland Oaks : LHP Kevin Nogilny
Batting: RHB Mario Castillo 0-0: Ball
1-0: Called Strike
1-1: Swinging Strike
1-2: Ball
2-2: Foul Ball, location: 2F
2-2: Ball
3-2: Fly out, F8 (Flyball, 8LXD)
Batting: RHB Juan Jose Ayala 0-0: Ball
1-0: Ball
2-0: SINGLE (Groundball, 56D)
Batting: LHB Jorge Vélez 0-0: Ball
1-0: Called Strike
1-1: SINGLE (Groundball, 4MD)
Juan Jose Ayala to second
Batting: LHB Preston Witt 0-0: Ball
1-0: Called Strike
1-1: SINGLE (Flyball, 9S)
Juan Jose Ayala to third
Jorge Vélez to second
Runner from 3rd tries for Home, SAFE, no throw
Batting: LHB Count Dante 0-0: Ball
1-0: Swinging Strike
1-1: Ball
2-1: Ball
3-1: Foul Ball, location: 2F
3-2: Fielders Choice at 2nd, 5-4 (Groundball, 56)
Jorge Vélez to third
Batting: RHB Juanito González 0-0: Ball
1-0: Called Strike
1-1: Called Strike
1-2: 3-RUN HOME RUN (Flyball, 78XD), Distance : 440 ft
Batting: LHB Dewitt Hopper 0-0: SINGLE (Groundball, 34D)
Batting: RHB Xi-ku See-to 0-0: Ball
1-0: Ball
2-0: Ball
3-0: Base on Balls
Dewitt Hopper to second
Batting: RHB António Martínez 0-0: Ball
1-0: Ball
2-0: Foul Ball, location: 2F
2-1: Foul Ball, location: 2F
2-2: Ball
3-2: Ground out 6-3 (Groundball, 6MS)
Top of the 2nd over - 4 runs, 5 hits, 0 errors, 2 left on base; Montana 4 - Oakland 0
BOTTOM OF THE 2ND
Oakland Oaks batting - Pitching for Montana Pandas : RHP Yoo-chul Mun
Batting: RHB Joseph Papasogli 0-0: Called Strike
0-1: Called Strike
0-2: Foul Ball, location: 2F
0-2: Foul Ball, location: 2F
0-2: Ball
1-2: Ball
2-2: Strikes out swinging
Batting: RHB Alfonso Nazario 0-0: Ball
1-0: Ball
2-0: Called Strike
2-1: SINGLE (Line Drive, 8LS)
Batting: RHB Randy Contreras 0-0: Fly out, F6 (Line Drive, 56)
Batting: RHB Juan Alcocer 0-0: Ball
1-0: Ground out 4-3 (Groundball, 4S)
Bottom of the 2nd over - 0 runs, 1 hit, 0 errors, 1 left on base; Montana 4 - Oakland 0
TOP OF THE 3RD
Montana Pandas batting - Pitching for Oakland Oaks : LHP Kevin Nogilny
Batting: RHB Mario Castillo 0-0: Foul Ball, location: 2F
0-1: Foul Ball, location: 2F
0-2: Foul Ball, location: 2F
0-2: Fly out, F5 (Popup, 5S)
Batting: RHB Juan Jose Ayala 0-0: Ball
1-0: Ball
2-0: Swinging Strike
2-1: DOUBLE (Flyball, 8RD)
Batting: LHB Jorge Vélez 0-0: SINGLE (Line Drive, 6D)
Juan Jose Ayala to third
Runner from 3rd tries for Home, SAFE, throw made home
Pitching: RHP Jeff Mahl
Batting: LHB Preston Witt 0-0: Called Strike
0-1: Ball
1-1: Ball
2-1: Foul Ball, location: 2F
2-2: Fly out, F6 (Line Drive, 6)
Batting: LHB Count Dante 0-0: Called Strike
0-1: Called Strike
0-2: Ball
1-2: Ball
2-2: Foul Ball, location: 2F
2-2: SINGLE (Groundball, 6MD)
Jorge Vélez to second
Runner from 2nd tries for 3rd, SAFE, no throw
Batting: RHB Juanito González 0-0: Ball
1-0: Ball
2-0: Ball
3-0: Called Strike
3-1: Foul Ball, location: 2F
3-2: Base on Balls
Count Dante to second
Batting: LHB Dewitt Hopper 0-0: Ball
1-0: Called Strike
1-1: Called Strike
1-2: Ball
2-2: Ball
3-2: Strikes out swinging
Top of the 3rd over - 1 run, 3 hits, 0 errors, 3 left on base; Montana 5 - Oakland 0
BOTTOM OF THE 3RD
Oakland Oaks batting - Pitching for Montana Pandas : RHP Yoo-chul Mun
Batting: SHB Luis Luquín 0-0: Called Strike
0-1: Foul Ball, location: 2F
0-2: Foul Ball, location: 2F
0-2: Ball
1-2: Strikes out looking
Batting: RHB Esteban Vázquez 0-0: Called Strike
0-1: Ball
1-1: Ball
2-1: Ball
3-1: Called Strike
3-2: Foul Ball, location: 2F
3-2: Strikes out swinging
Batting: RHB Yehonatan Chazan 0-0: Foul Ball, location: 2F
0-1: Foul Ball, location: 2F
0-2: Ball
1-2: Ball
2-2: Strikes out swinging
Bottom of the 3rd over - 0 runs, 0 hits, 0 errors, 0 left on base; Montana 5 - Oakland 0
TOP OF THE 4TH
Montana Pandas batting - Pitching for Oakland Oaks : RHP Jeff Mahl
Batting: RHB Xi-ku See-to 0-0: Called Strike
0-1: Ball
1-1: SINGLE (Groundball, 56D)
Batting: RHB António Martínez 0-0: Swinging Strike
0-1: Called Strike
0-2: Ball
1-2: Strikes out swinging
Batting: RHB Mario Castillo 0-0: Called Strike
0-1: Grounds into double play, 1-4-3 (Groundball, 15)
Top of the 4th over - 0 runs, 1 hit, 0 errors, 0 left on base; Montana 5 - Oakland 0
BOTTOM OF THE 4TH
Oakland Oaks batting - Pitching for Montana Pandas : RHP Yoo-chul Mun
Batting: LHB Obidiah Lewis 0-0: Ball
1-0: Called Strike
1-1: Foul Ball, location: 2F
1-2: Ball
2-2: SOLO HOME RUN (Flyball, 89XD), Distance : 423 ft
Batting: RHB Colin O'Connell 0-0: Foul Ball, location: 2F
0-1: Ball
1-1: Foul Ball, location: 2F
1-2: Ground out 6-3 (Groundball, 6)
Batting: RHB Joseph Papasogli 0-0: Ball
1-0: Ball
2-0: SINGLE (Groundball, 56S) (infield hit)
Pitching: RHP Yeon-kyu Kim
Batting: RHB Alfonso Nazario 0-0: Called Strike
Joseph Papasogli steals 2nd base
0-1: Ball
1-1: Ball
2-1: Called Strike
2-2: SINGLE (Groundball, 6MD)
Joseph Papasogli to third
Runner from 3rd tries for Home, SAFE, no throw
Batting: RHB Randy Contreras 0-0: Grounds into double play, 6-4-3 (Groundball, 6)
Bottom of the 4th over - 2 runs, 3 hits, 0 errors, 0 left on base; Montana 5 - Oakland 2
TOP OF THE 5TH
Montana Pandas batting - Pitching for Oakland Oaks : RHP Jeff Mahl
Batting: RHB Juan Jose Ayala 0-0: Ground out U3 (Groundball, 34S)
Batting: LHB Jorge Vélez 0-0: Called Strike
0-1: Called Strike
0-2: Ball
1-2: Strikes out swinging
Batting: LHB Preston Witt 0-0: Ball
1-0: Reached on error, E4 (Popup, 34S)
Batting: LHB Count Dante 0-0: Swinging Strike
0-1: Swinging Strike
0-2: Strikes out swinging
Top of the 5th over - 0 runs, 0 hits, 1 error, 1 left on base; Montana 5 - Oakland 2
BOTTOM OF THE 5TH
Oakland Oaks batting - Pitching for Montana Pandas : RHP Yeon-kyu Kim
Batting: RHB Juan Alcocer 0-0: Ball
1-0: Swinging Strike
1-1: Called Strike
1-2: Strikes out swinging
Batting: SHB Luis Luquín 0-0: TRIPLE (Flyball, 89XD)
Batting: RHB Esteban Vázquez 0-0: Ball
1-0: Foul Ball, location: 2F
1-1: Ball
2-1: Ground out 5-3 (Groundball, 5)
Batting: RHB Yehonatan Chazan 0-0: Ball
1-0: Foul Ball, location: 2F
Balk!
Luis Luquín scores
1-1: Foul Ball, location: 2F
1-2: Ball
2-2: Foul Ball, location: 2F
2-2: Fly out, F5 (Line Drive, 56)
Bottom of the 5th over - 1 run, 1 hit, 0 errors, 0 left on base; Montana 5 - Oakland 3
TOP OF THE 6TH
Montana Pandas batting - Pitching for Oakland Oaks : RHP Jeff Mahl
Batting: RHB Juanito González 0-0: Ball
1-0: Ball
2-0: SINGLE (Line Drive, 6MD)
Batting: LHB Dewitt Hopper 0-0: Called Strike
0-1: Ball
1-1: Ball
2-1: Ball
3-1: Foul Ball, location: 2F
3-2: Base on Balls
Juanito González to second
Batting: RHB Xi-ku See-to 0-0: Ball
1-0: SINGLE (Groundball, 6MD)
Juanito González to third
Dewitt Hopper to second
Runner from 3rd tries for Home, SAFE, throw made home
Batting: RHB António Martínez 0-0: SINGLE (Groundball, 6MD)
Dewitt Hopper to third
Xi-ku See-to to second
Batting: RHB Mario Castillo 0-0: Called Strike
0-1: Ball
1-1: Ball
2-1: Ball
3-1: Base on Balls
Dewitt Hopper scores
Xi-ku See-to to third
António Martínez to second
Batting: RHB Juan Jose Ayala 0-0: Ball
1-0: Called Strike
1-1: Ball
2-1: Swinging Strike
2-2: Ball
3-2: Foul Ball, location: 2F
3-2: Base on Balls
Xi-ku See-to scores
António Martínez to third
Mario Castillo to second
Pitching: RHP Abraham van der Meulen
Batting: LHB Jorge Vélez 0-0: Fly out, F3 (Line Drive, 3S)
Batting: LHB Preston Witt 0-0: Foul Ball, location: 2F
0-1: Ball
1-1: Ball
2-1: Foul Ball, location: 2F
2-2: Ball
3-2: Foul Ball, location: 2F
3-2: Grounds into double play, 4-6-3 (Groundball, 4)
Top of the 6th over - 3 runs, 3 hits, 0 errors, 2 left on base; Montana 8 - Oakland 3
BOTTOM OF THE 6TH
Oakland Oaks batting - Pitching for Montana Pandas : RHP Yeon-kyu Kim
Batting: LHB Obidiah Lewis 0-0: Swinging Strike
0-1: Foul Ball, location: 2F
0-2: Ball
1-2: Ball
2-2: Ball
3-2: Fly out, F7 (Flyball, 78M)
Batting: RHB Colin O'Connell 0-0: Ball
1-0: Swinging Strike
1-1: SINGLE (Groundball, 56D)
Batting: RHB Joseph Papasogli 0-0: Called Strike
0-1: Foul Ball, location: 2F
0-2: Ball
1-2: Ball
2-2: Foul Ball, location: 2F
2-2: Ball
3-2: Strikes out swinging
Batting: RHB Alfonso Nazario 0-0: Ball
1-0: Ball
2-0: Fly out, F8 (Flyball, 8LXD)
Bottom of the 6th over - 0 runs, 1 hit, 0 errors, 1 left on base; Montana 8 - Oakland 3
TOP OF THE 7TH
Montana Pandas batting - Pitching for Oakland Oaks : RHP Abraham van der Meulen
Batting: LHB Count Dante 0-0: Called Strike
0-1: TRIPLE (Flyball, 9D)
Batting: RHB Juanito González 0-0: Ball
1-0: Swinging Strike
1-1: Called Strike
1-2: Ball
2-2: Ball
3-2: Foul Ball, location: 2F
3-2: Ground out 5-3 (Groundball, 56S)
Batting: LHB Dewitt Hopper 0-0: Called Strike
0-1: Ball
1-1: Ball
2-1: Ball
3-1: Base on Balls
Batting: RHB Xi-ku See-to 0-0: Swinging Strike
0-1: Called Strike
0-2: Strikes out swinging
Batting: RHB António Martínez 0-0: Ball
1-0: Ball
2-0: Ball
3-0: Called Strike
3-1: Called Strike
3-2: Reached via error on a dropped throw, E1
Count Dante scores
Dewitt Hopper to second
Batting: RHB Mario Castillo 0-0: Ball
1-0: Ball
2-0: Fielders Choice at 2nd, 6-4 (Groundball, 6)
Top of the 7th over - 1 run, 1 hit, 1 error, 2 left on base; Montana 9 - Oakland 3
BOTTOM OF THE 7TH
Oakland Oaks batting - Pitching for Montana Pandas : RHP Yeon-kyu Kim
Now in LF: Jorge Alou
Batting: RHB Randy Contreras 0-0: Ball
1-0: Fly out, F9 (Line Drive, 9)
Batting: RHB Juan Alcocer 0-0: Called Strike
0-1: Ball
1-1: Called Strike
1-2: Fly out, F5 (Line Drive, 56)
Batting: SHB Luis Luquín 0-0: Called Strike
0-1: Swinging Strike
0-2: Ball
1-2: Foul Ball, location: 2F
1-2: Ball
2-2: Fly out, F8 (Flyball, 8LM)
Bottom of the 7th over - 0 runs, 0 hits, 0 errors, 0 left on base; Montana 9 - Oakland 3
TOP OF THE 8TH
Montana Pandas batting - Pitching for Oakland Oaks : RHP Abraham van der Meulen
Batting: RHB Juan Jose Ayala 0-0: Ball
1-0: Foul Ball, location: 2F
1-1: Ball
2-1: Ball
3-1: Swinging Strike
3-2: SINGLE (Groundball, 56D)
Batting: LHB Jorge Vélez 0-0: Called Strike
0-1: 2-RUN HOME RUN (Flyball, 7D), Distance : 390 ft
Batting: LHB Preston Witt 0-0: Foul Ball, location: 2F
0-1: Foul Ball, location: 2F
0-2: Ball
1-2: Ball
2-2: Ground out 3-1 (Groundball, 34)
Batting: LHB Count Dante 0-0: Foul Ball, location: 2F
0-1: Ball
1-1: Foul Ball, location: 2F
1-2: Ball
2-2: Strikes out swinging passed ball, reaches first!
Batting: RHB Juanito González 0-0: Called Strike
0-1: Ball
1-1: Called Strike
1-2: Ball
2-2: Foul Ball, location: 2F
2-2: Ball
3-2: Base on Balls
Count Dante to second
Batting: LHB Dewitt Hopper 0-0: Ball
1-0: Grounds into double play, 6-4-3 (Groundball, 6)
Top of the 8th over - 2 runs, 2 hits, 0 errors, 1 left on base; Montana 11 - Oakland 3
BOTTOM OF THE 8TH
Oakland Oaks batting - Pitching for Montana Pandas : RHP Yeon-kyu Kim
Pitching: RHP Lorenzo Fabián
Batting: RHB Esteban Vázquez 0-0: Foul Ball, location: 2F
0-1: Ball
1-1: Foul Ball, location: 2F
1-2: Foul Ball, location: 2F
1-2: Ball
2-2: Foul Ball, location: 2F
2-2: Fly out, F8 (Flyball, 8LD)
Batting: RHB Yehonatan Chazan 0-0: Foul Ball, location: 2F
0-1: Foul Ball, location: 2F
0-2: Ball
1-2: Foul Ball, location: 2F
1-2: Ball
2-2: Foul Ball, location: 2F
2-2: Foul Ball, location: 2F
2-2: Foul Ball, location: 2F
2-2: Fly out, F9 (Flyball, 9S)
Batting: LHB Obidiah Lewis 0-0: Ball
1-0: Ball
2-0: Ball
3-0: Called Strike
3-1: Called Strike
3-2: SINGLE (Line Drive, 9LS)
Batting: RHB Colin O'Connell 0-0: Ball
1-0: SINGLE (Flyball, 9LS)
Obidiah Lewis to second
Runner from 2nd tries for 3rd, SAFE, no throw
Batting: RHB Joseph Papasogli 0-0: Fielders Choice at 2nd, 5-4 (Groundball, 56)
Bottom of the 8th over - 0 runs, 2 hits, 0 errors, 2 left on base; Montana 11 - Oakland 3
TOP OF THE 9TH
Montana Pandas batting - Pitching for Oakland Oaks : RHP Abraham van der Meulen
Batting: SHB Jorge Alou 0-0: Ball
1-0: Reached on error, E3 (Groundball, 3L)
Batting: RHB António Martínez 0-0: Foul Ball, location: 2F
0-1: Foul Ball, location: 2F
0-2: Ball
1-2: Ball
2-2: Grounds into double play, 1-6-3 (Groundball, 13)
Batting: RHB Mario Castillo 0-0: Ball
1-0: Ball
2-0: Ball
3-0: Base on Balls
Batting: RHB Juan Jose Ayala 0-0: Foul Ball, location: 2F
0-1: SINGLE (Line Drive, 4MD)
Mario Castillo to second
Pitching: RHP Miguel Cabañas
Batting: LHB Jorge Vélez 0-0: Ball
1-0: Ball
2-0: Foul Ball, location: 2F
2-1: Ball
3-1: Foul Ball, location: 2F
3-2: Strikes out swinging
Top of the 9th over - 0 runs, 1 hit, 1 error, 2 left on base; Montana 11 - Oakland 3
BOTTOM OF THE 9TH
Oakland Oaks batting - Pitching for Montana Pandas : RHP Lorenzo Fabián
Batting: RHB Alfonso Nazario 0-0: Ball
1-0: Fly out, F7 (Flyball, 7)
Batting: RHB Randy Contreras 0-0: Ball
1-0: Ball
2-0: Called Strike
2-1: Ball
3-1: Foul Ball, location: 2F
3-2: Ground out 6-3 (Groundball, 6M)
Batting: RHB Juan Alcocer 0-0: Ball
1-0: Ground out 5-3 (Groundball, 56)
Bottom of the 9th over - 0 runs, 0 hits, 0 errors, 0 left on base; Montana 11 - Oakland 3
Friday, March 29th, 2019 - OOTP Baseball 18.8 Build 76